Map: Cactus Valley LE (Void)

Players

GoodVibes

  • Race: Zerg Zerg

Whiplash

  • Race: Zerg Zerg

Univerze

  • Race: Protoss Protoss

Shamanas

  • Race: Protoss Protoss

VOD

Have the link to the VOD?

Description

Time

  • Played on: May 1, 2015, 7:10 a.m.
  • Length: 22:42
Show
View Real Time Build Order
Export as new Build Order

GoodVibes Zerg 

Build Orders: Pool First 

Get SALT Encoding   

  12  0:01  Drone  
  13  0:12  Overlord  
  13  0:20  Drone  
  14  0:30  Drone  
  14  0:31  Drone  
  14  0:34  Drone  
  17  0:49  Spawning Pool  
  16  0:52  Drone  
  17  0:59  Drone  
  18  1:16  Hatchery  
  17  1:19  Drone  
  17  1:24  Overlord  
  18  1:28  Drone  
  19  1:38  Drone  
  19  1:39  Queen  
  22  1:52  Drone, Extractor  
  22  2:02  Drone  
  23  2:11  Drone  
  23  2:15  Queen  
  24  2:21  Overlord  
  26  2:28  Queen  
  26  2:29  Overlord  
  28  2:32  Drone  
  29  2:39  Drone  
  30  2:45  Drone  
  31  2:57  Drone x2  
  33  3:00  Hatchery  
  33  3:02  Drone  
  33  3:07  Drone  
  33  3:08  Drone  
  33  3:10  Drone  
  36  3:14  Metabolic Boost  
  36  3:17  Drone  
  37  3:31  Drone  
  37  3:32  Drone x5  
  43  3:39  Drone x3  
  43  3:40  Drone  
  46  3:44  Drone x2  
  46  3:47  Overlord  
  48  3:53  Drone  
  48  3:55  Extractor  
  48  3:59  Zergling x2  
  48  4:00  Zergling x2  
  49  4:13  Drone  
  49  4:14  Drone x5  
  54  4:19  Evolution Chamber  
  54  4:20  Evolution Chamber  
  54  4:21  Roach Warren  
  51  4:35  Queen  
  51  4:36  Drone x2  
  51  4:37  Drone x6  
  51  4:38  Overlord  
  61  4:46  Zerg Missile Weapons Level 1, Zerg Ground Armor Level 1  
  61  4:55  Drone x2  
  61  4:56  Drone x2, Extractor  
  61  4:58  Drone  
  65  5:00  Lair  
  65  5:01  Drone x3, Extractor  
  65  5:02  Drone  
  68  5:15  Spine Crawler  
  68  5:18  Overlord x4  
  68  5:20  Drone x3  
  70  5:27  Drone  
  71  5:36  Overlord  
  71  5:47  Hatchery  
  71  5:49  Roach, Zergling x2  
  76  5:50  Roach x6, Zergling x12  
  85  6:03  Spore Crawler, Spine Crawler  
  85  6:04  Drone x3  
  86  6:05  Drone x3, Spine Crawler  
  86  6:06  Drone  
  86  6:10  Extractor  
  86  6:11  Drone x2  
  90  6:12  Extractor  
  90  6:15  Drone x3  
  92  6:24  Roach x3  
  89  6:29  Spore Crawler  
  89  6:31  Drone x3  
  91  6:34  Drone x2  
  91  6:35  Drone  
  91  6:36  Drone x3  
  97  6:40  Spine Crawler  
  97  6:43  Drone x3  
  86  7:00  Zerg Ground Armor Level 2, Zerg Missile Weapons Level 2  
  86  7:01  Spire  
  86  7:02  Drone  
  86  7:03  Glial Reconstitution  
  86  7:06  Drone  
  86  7:07  Drone  
  86  7:08  Drone  
  77  7:23  Drone x3  
  77  7:24  Drone x3  
  77  7:25  Drone x2  
  77  7:26  Drone x2  
  87  7:32  Spine Crawler  
  87  7:33  Drone  
  87  7:34  Drone  
  87  7:35  Spine Crawler  
  87  7:38  Spore Crawler  
  87  7:40  Drone x2, Spine Crawler  
  81  7:47  Drone x2  
  81  8:02  Roach x4, Zergling x12  
  81  8:03  Roach  
  91  8:09  Drone x2  
  88  8:21  Mutalisk x5  
  88  8:22  Mutalisk  
  98  8:34  Mutalisk x2  
  98  8:35  Mutalisk x3  
  98  8:38  Zergling x4  
  109  8:44  Mutalisk x2  
  109  8:45  Mutalisk  
  96  9:03  Drone x5  
  96  9:08  Mutalisk x2  
  105  9:22  Zerg Flyer Weapons Level 1  
  103  9:27  Drone, Infestation Pit  
  103  9:28  Drone x3  
  103  9:29  Drone x3  
  108  9:31  Drone x4  
  108  9:32  Drone x3  
  106  9:41  Drone x3  
  106  9:42  Drone x2  
  107  10:01  Hydralisk Den  
  107  10:03  Hive  
  106  10:09  Queen  
  106  10:14  Drone x2  
  110  10:16  Hatchery  
  110  10:18  Drone x3, Extractor x2  
  110  10:19  Drone x3  
  113  10:23  Zergling x4  
  113  10:24  Zergling x10  
  113  10:25  Overlord x3  
  116  10:31  Muscular Augments  
  116  10:32  Hydralisk  
  116  10:33  Overlord  
  118  10:36  Burrow  
  118  10:42  Queen  
  120  10:56  Drone x2  
  123  10:57  Drone x2, Overlord x3  
  123  10:58  Overlord x2  
  123  11:02  Hydralisk x4  
  132  11:05  Hydralisk  
  132  11:06  Hydralisk  
  132  11:09  Hydralisk  
  138  11:15  Spore Crawler  
  138  11:17  Spore Crawler  
  132  11:19  Spore Crawler, Zerg Missile Weapons Level 3  
  127  11:26  Zerg Ground Armor Level 3  
  125  11:33  Spore Crawler  
  125  11:39  Drone x6, Spine Crawler  
  130  11:40  Drone x2  
  130  11:43  Hydralisk  
  133  11:48  Lurker Den  
  133  11:49  Drone x2  
  133  11:53  Spore Crawler  
  134  11:54  Spore Crawler  
  134  11:56  Drone x3  
  134  11:57  Spore Crawler  
  132  12:03  Hydralisk  
  132  12:04  Hydralisk  
  132  12:06  Drone  
  132  12:07  Drone  
  138  12:08  Drone  
  138  12:10  Drone  
  140  12:15  Greater Spire  
  139  12:38  Ultralisk Cavern  
  139  12:41  Drone x3  
  139  12:42  Hydralisk x3  
  139  12:43  Hydralisk x4, Roach x4  
  139  12:44  Roach  
  155  12:45  Hydralisk  
  155  12:49  Hydralisk  
  159  12:53  Hydralisk x2  
  159  12:54  Hydralisk  
  159  12:58  Hydralisk x2  
  161  13:00  Hydralisk  
  161  13:02  Hydralisk  
  161  13:04  Hydralisk  
  169  13:06  Hydralisk  
  171  13:17  Hydralisk x5  
  181  13:23  Hydralisk  
  181  13:29  Drone, Spore Crawler  
  181  13:30  Drone, Spore Crawler  
  181  13:31  Spine Crawler  
  181  13:32  Overlord x2  
  181  13:33  Overlord  
  176  13:42  Hydralisk  
  176  13:46  Hydralisk  
  176  13:47  Hatchery  
  179  13:50  Zerg Flyer Weapons Level 2  
  179  14:01  Queen  
  181  14:07  Hydralisk x2  
  181  14:08  Hydralisk x4  
  191  14:15  Spine Crawler  
  191  14:16  Spine Crawler  
  191  14:17  Spine Crawler  
  178  14:23  Drone x18  
  176  14:30  Spine Crawler  
  175  14:37  Spine Crawler  
  172  14:38  Spine Crawler  
  172  14:40  Spine Crawler  
  170  14:49  Zerg Melee Weapons Level 1  
  170  14:52  Hydralisk x3  
  170  14:53  Hydralisk x8  
  190  15:26  Chitinous Plating  
  190  15:31  Hatchery  
  167  15:51  Ultralisk x5  
  167  15:56  Hydralisk  
  199  16:01  Drone  
  200  16:13  Spine Crawler  
  200  16:14  Spine Crawler x2  
  200  16:15  Spine Crawler  
  200  16:16  Spine Crawler  
  200  16:17  Spine Crawler  
  194  16:18  Spine Crawler  
  194  16:20  Drone x4  
  194  16:21  Drone x3  
  194  16:23  Spine Crawler x3  
  194  16:24  Spine Crawler x2  
  195  16:25  Spine Crawler  
  194  16:35  Infestor  
  194  16:36  Extractor x2  
  194  16:39  Pathogen Glands  
  192  16:42  Hydralisk x2  
  192  16:43  Roach x2  
  156  17:32  Hydralisk x3  
  156  17:33  Hydralisk x6, Roach x5  
  156  17:34  Viper x2, Hydralisk x2, Roach x5  
  200  17:56  Spine Crawler x2  
  200  17:57  Spine Crawler  
  200  17:58  Spore Crawler  
  196  18:00  Spine Crawler  
  196  18:05  Spore Crawler x2  
  193  18:07  Spore Crawler, Drone x3  
  193  18:08  Spine Crawler  
  193  18:09  Spine Crawler  
  193  18:17  Hydralisk x2  
  193  18:18  Roach  
  199  18:24  Hatchery  
  198  18:28  Drone  
  198  18:29  Spine Crawler  
  198  18:30  Spine Crawler  
  198  18:32  Zerg Melee Weapons Level 2  
  197  18:44  Spine Crawler  
  197  18:45  Drone x2, Spine Crawler x2  
  196  19:04  Corruptor x2  
  192  19:53  Drone x4  
  196  20:04  Spine Crawler  
  196  20:05  Spine Crawler  
  196  20:06  Spine Crawler x2  
  192  20:07  Spine Crawler  
  192  20:08  Spore Crawler  
  192  20:12  Spore Crawler  
  189  20:14  Spore Crawler  
  189  20:15  Spine Crawler  
  189  20:16  Spine Crawler  
  186  20:22  Spore Crawler  
  181  20:40  Hydralisk  
  181  20:41  Corruptor  
  181  20:42  Corruptor x6  
  191  20:43  Corruptor x4  
  191  20:46  Extractor  
  191  20:48  Extractor  
  191  20:56  Extractor x2  
  189  21:03  Hydralisk x3  
  189  21:04  Hydralisk x2  
  199  21:37  Drone  
  200  21:50  Hatchery, Spine Crawler  
  200  21:52  Spine Crawler x2  
Show
View Real Time Build Order
Export as new Build Order

Whiplash Zerg 

Build Orders:  

Get SALT Encoding   

  12  0:01  Probe  
  13  0:14  Pylon  
  13  0:18  Probe  
  14  0:32  Probe  
  15  0:37  Gateway  
  15  0:40  Probe  
  16  0:51  Probe  
  17  1:03  Probe  
  18  1:17  Nexus  
  18  1:20  Probe  
  19  1:28  Probe, Pylon  
  20  1:39  Probe, Assimilator  
  20  1:44  Assimilator  
  21  1:51  Probe  
  22  1:57  Cybernetics Core  
  22  2:00  Probe  
  22  2:06  Zealot  
  25  2:15  Pylon  
  25  2:16  Probe  
  26  2:24  Probe  
  26  2:29  Warp Gate  
  27  2:30  Probe  
  28  2:38  Mothership Core  
  28  2:42  Adept  
  28  2:43  Probe  
  32  2:55  Probe  
  33  2:59  Probe  
  33  3:04  Robotics Facility  
  33  3:05  Probe  
  34  3:11  Probe  
  36  3:20  Forge  
  36  3:24  Probe x2  
  38  3:33  Probe  
  38  3:36  Probe  
  38  3:38  Assimilator  
  38  3:41  Probe  
  40  3:43  Assimilator  
  40  3:45  Probe  
  42  3:53  Probe  
  42  3:54  Warp Prism  
  42  3:55  Protoss Ground Weapons Level 1  
  45  3:56  Probe  
  45  3:59  Robotics Bay  
  46  4:02  Pylon  
  46  4:05  Probe  
  47  4:14  Probe  
  47  4:17  Probe  
  47  4:22  Probe  
  49  4:29  Probe  
  49  4:30  Gateway x2  
  49  4:32  Pylon  
  49  4:34  Probe  
  50  4:41  Probe  
  51  4:49  Disruptor  
  51  4:50  Twilight Council  
  51  4:51  Probe  
  56  4:53  Probe  
  57  5:01  Pylon  
  57  5:06  Probe  
  57  5:07  Probe  
  59  5:13  Pylon  
  59  5:18  Probe  
  59  5:19  Disruptor, Zealot  
  62  5:23  Gravitic Drive  
  62  5:26  Gateway  
  62  5:27  Charge  
  62  5:29  Protoss Ground Weapons Level 2  
  62  5:31  Probe x2  
  64  5:43  Probe  
  64  5:45  Disruptor  
  65  5:54  Gateway  
  65  5:55  Gateway  
  69  6:03  Disruptor  
  69  6:06  Disruptor  
  69  6:09  Pylon  
  69  6:18  Probe x2  
  71  6:19  Sentry  
  71  6:20  Sentry  
  71  6:22  Zealot  
  77  6:34  Nexus  
  77  6:36  Pylon  
  77  6:37  Sentry  
  77  6:38  Pylon  
  79  6:40  Disruptor  
  79  6:42  Disruptor  
  79  6:55  Probe x2  
  81  7:03  Photon Cannon  
  81  7:05  Disruptor x2, Zealot x3, Photon Cannon x2  
  81  7:06  Disruptor, Zealot  
  81  7:07  Probe, Photon Cannon  
  81  7:08  Gateway x2  
  90  7:13  Pylon, Assimilator  
  94  7:18  Assimilator  
  93  7:24  Probe x2  
  93  7:26  Stalker x2  
  93  7:27  Stalker  
  95  7:32  Zealot x2  
  95  7:36  Disruptor x2  
  95  7:37  Probe x2  
  101  7:39  Disruptor  
  105  7:49  Probe x2  
  105  7:57  Photon Cannon  
  105  8:02  Stargate  
  105  8:03  Stargate  
  105  8:06  Pylon  
  105  8:07  Protoss Ground Weapons Level 3  
  105  8:08  Disruptor x2  
  105  8:09  Observer  
  105  8:16  Pylon  
  106  8:29  Zealot x5  
  106  8:30  Zealot x2  
  115  8:53  Zealot  
  115  8:54  Zealot x4  
  107  8:57  Zealot  
  107  8:58  Phoenix  
  107  8:59  Phoenix  
  91  9:10  Fleet Beacon  
  91  9:14  Phoenix, Photon Cannon  
  91  9:15  Photon Cannon  
  91  9:16  Phoenix  
  91  9:19  Photon Cannon, Blink  
  95  9:30  Stalker x2  
  97  9:35  Phoenix  
  97  9:40  Stalker  
  97  9:44  Stalker  
  103  9:47  Probe x3  
  103  9:48  Phoenix  
  108  9:57  Phoenix  
  108  10:04  Pylon  
  110  10:09  Phoenix  
  110  10:11  Sentry x4  
  110  10:12  Sentry  
  122  10:23  Templar Archives  
  116  10:31  Probe x3  
  119  10:38  Phoenix  
  119  10:40  Nexus  
  119  10:43  Probe, Pylon  
  119  10:49  Stalker  
  124  10:56  Pylon  
  124  11:07  Assimilator  
  124  11:12  Assimilator  
  124  11:13  Photon Cannon  
  124  11:14  Probe x2  
  124  11:15  Photon Cannon  
  124  11:17  Photon Cannon  
  124  11:18  Phoenix  
  127  11:35  Nexus, Pylon, Assimilator  
  127  11:37  Pylon  
  127  11:40  Assimilator  
  127  11:42  Pylon  
  127  11:45  Zealot x2  
  127  11:46  Zealot x3  
  137  11:49  Observer  
  137  11:52  Phoenix x2  
  142  11:56  Protoss Ground Armor Level 1  
  142  11:59  Photon Cannon  
  142  12:00  Disruptor  
  142  12:02  Photon Cannon  
  142  12:05  Disruptor  
  142  12:06  Photon Cannon  
  142  12:08  Anion Pulse-Crystals  
  142  12:10  Phoenix  
  142  12:20  Phoenix  
  144  12:27  Sentry x2  
  144  12:28  Sentry x2  
  144  12:29  Sentry  
  150  12:31  Phoenix  
  150  12:34  High Templar x2  
  154  12:39  Archon  
  150  12:49  Probe x4  
  154  12:54  High Templar x2  
  154  12:55  Zealot x2  
  162  12:58  Archon  
  162  13:06  Psionic Storm  
  162  13:13  Photon Cannon x2  
  162  13:16  Photon Cannon  
  162  13:18  Photon Cannon  
  162  13:21  Pylon  
  162  13:22  High Templar x2  
  162  13:23  Zealot x2  
  166  13:42  Zealot x3  
  166  13:43  Zealot x2  
  176  13:53  Void Ray  
  176  13:57  Pylon  
  176  13:59  Pylon  
  176  14:02  Pylon  
  174  14:04  Protoss Ground Armor Level 2  
  172  14:10  Phoenix  
  168  14:18  Disruptor  
  172  14:32  Phoenix  
  172  14:34  Zealot x3  
  172  14:35  Zealot  
  174  14:42  Phoenix  
  176  14:53  Phoenix  
  176  14:57  Disruptor  
  182  15:01  Disruptor  
  179  15:10  Stalker x5, Phoenix  
  179  15:13  Stalker  
  188  15:42  Nexus, Zealot  
  186  15:43  Pylon, Zealot x4  
  186  15:44  Zealot x2  
  186  15:45  Pylon  
  186  15:48  Assimilator  
  200  15:50  Pylon  
  200  16:12  Gateway x2  
  200  16:16  Photon Cannon  
  200  16:17  Gateway, Photon Cannon  
  200  16:18  Gateway, Photon Cannon  
  200  16:20  Gateway  
  200  16:21  Pylon  
  200  16:22  Pylon  
  200  16:44  Disruptor x3  
  198  17:01  Warp Prism  
  200  17:12  Stargate x2  
  200  17:14  Stargate  
  190  17:20  Carrier  
  190  17:21  Stargate, Carrier  
  190  17:22  Carrier  
  170  17:26  Pylon  
  170  17:27  Pylon  
  110  17:39  Zealot x2  
  110  17:40  Zealot x5  
  110  17:41  Disruptor, Zealot x3  
  110  17:42  Zealot x2  
  106  17:58  Carrier  
  114  18:00  High Templar  
  114  18:02  High Templar  
  122  18:17  Zealot x4  
  122  18:18  Zealot  
  132  18:21  Carrier  
  132  18:23  Probe x2  
  138  18:41  Pylon  
  138  18:42  Pylon  
  138  18:44  Pylon  
  138  18:46  Carrier  
  144  19:01  Carrier  
  142  19:11  Photon Cannon  
  142  19:12  Photon Cannon  
  148  19:20  Zealot x2  
  148  19:46  Zealot x2  
  148  19:47  Zealot x5  
  148  19:48  Zealot  
  164  19:58  High Templar  
  164  19:59  High Templar  
  168  20:03  Carrier  
  168  20:04  Archon  
  168  20:07  High Templar x2  
  168  20:09  Zealot x2  
  168  20:11  Archon  
  168  20:13  Disruptor  
  176  20:40  Zealot x4  
  176  20:41  Zealot  
  167  21:01  High Templar x2  
  167  21:18  Disruptor  
  161  21:46  Disruptor  
  161  21:50  Nexus  
  155  22:01  Zealot  
  157  22:04  Sentry x2  
  143  22:16  Zealot  
Show
View Real Time Build Order
Export as new Build Order

Univerze Protoss 

Build Orders:  

Get SALT Encoding   

Show
View Real Time Build Order
Export as new Build Order

Shamanas Protoss 

Build Orders:  

Get SALT Encoding   

Tags
 
Add a new tag
Caveats
  • Supply blocks, unpowered buildings, or Contaminate may cause inaccurate times.
  • Supply counts are checked every 10 seconds.